 Dungeon Crawl Stone Soup version 0.17-b1-15-g0f5fb43 (webtiles) character file.

512 Megaslime the Cleaver (level 6, 0/50 HPs)
             Began as a Minotaur Warper on Nov 7, 2015.
             Slain by Vepsour the naga
             ... wielding a +1 long sword of holy wrath
             ... created by the player character
              (4 damage)
             ... on level 4 of the Dungeon.
             The game lasted 00:08:18 (3401 turns).

Megaslime the Cleaver (Minotaur Warper)             Turns: 3401, Time: 00:08:18

Health: 0/50       AC:  7    Str: 17    XL:     6   Next: 99%
Magic:  7/7        EV: 10    Int: 10    God:
Gold:   91         SH:  0    Dex: 10    Spells: 2 memorised, 4 levels left

rFire  . . .     SeeInvis .     b - +0 war axe
rCold  . . .     Clarity  .     q - +0 scale mail (curse)
rNeg   . . .     SustAt   .     (no shield)
rPois  .         Gourm    .     (helmet restricted)
rElec  .         Spirit   .     (no cloak)
rCorr  .         Warding  .     (no gloves)
rMut   .         Stasis   .     (no boots)
MR     .....                    (no amulet)
Stlth  ..........               (no ring)
                                (no ring)

@: very slightly contaminated, not resistant to hostile enchantments, extremely
unstealthy
A: retaliatory headbutt, horns 2
a: no special abilities


You were on level 4 of the Dungeon.
You were not hungry.

You visited 1 branch of the dungeon, and saw 4 of its levels.

You collected 181 gold pieces.
You spent 90 gold pieces at shops.

Inventory:

Hand Weapons
 b - a +0 war axe (weapon)
 y - a cursed -2 battleaxe
Missiles
 e - 3 tomahawks of dispersal (quivered)
 t - a throwing net
Armour
 q - a cursed +0 scale mail (worn)
 x - a +0 plate armour
Jewellery
 a - an uncursed ring of wizardry {unknown}
Scrolls
 g - a scroll of teleportation {unknown}
 j - 4 scrolls of remove curse {unknown}
 p - a scroll of immolation {unknown}
 r - a scroll of recharging {unknown}
Potions
 h - 2 potions of heal wounds
 n - 2 potions of lignification
 o - a potion of might
 u - a potion of curing
 v - a potion of brilliance {unknown}
 w - a potion of ambrosia {unknown}
Books
 c - a book of Spatial Translocations

   Spells                             Type                      Level
   a - Apportation                    Translocation                1
   b - Blink                          Translocation                2
   c - Shroud of Golubria             Charms/Translocation         2
   d - Portal Projectile              Translocation                3
   e - Teleport Other                 Translocation                3
   f - Passage of Golubria            Translocation                4
Miscellaneous
 A - a plain deck of wonders {drawn: 1}
Comestibles
 f - 2 bread rations
 i - 2 beef jerkies
 k - 2 slices of pizza
 l - a royal jelly
 m - 2 meat rations
 s - 4 fruits
 z - 3 chunks of flesh


   Skills:
 - Level 2.4 Fighting
 * Level 8.2 Axes
 - Level 1.0 Throwing
 - Level 4.1 Armour
 - Level 2.1 Dodging
 - Level 1.3 Spellcasting
 - Level 2.1 Translocations


You had 4 spell levels left.
You knew the following spells:

 Your Spells              Type           Power        Failure   Level  Hunger
a - Apportation           Tloc           #.........   43%         1    ##.....
P - Blink                 Tloc           N/A          69%         2    ###....


Dungeon Overview and Level Annotations

Branches:
Dungeon (4/15)
 Temple: D:4-7

Altars:
Zin

Annotations:
D:4 2 runed doors, Sigmund


Innate Abilities, Weirdness & Mutations

You reflexively headbutt those who attack you in melee.
You have a pair of horns on your head.


Message History

The adder misses you. You furiously retaliate!
You headbutt the adder!
You kill the adder!
An ice beast comes into view.
The ice beast barely misses you.
Found a scroll labeled NIHOCO WENIATE and a sparkling book.
You feel sick. The ice beast hits you. The ice beast freezes you!
* * * LOW HITPOINT WARNING * * *
Read which item? (? for menu, Esc to quit)
Blink to where?
Press: ? - help, Dir - move target cursor You are very lightly contaminated with residual magic.
As you read the scroll of blinking, it crumbles to dust.
You see here an iguana corpse.
You feel sick.
You see here a mace.
You feel sick.
You are no longer poisoned.
There is an open door here.
Vepsour hits you with a long sword of holy wrath.
You die...

#...######...#
#..##8).8##..#
#..#8....8#..#
#..').N...+..#
#..'......+..#
#..#8....8#..###
###..##8).8##.....
##...Y.######......
#.@###'# #'###..
#N##)#.######...##.
#.#.#.##:##.##.#†#.
#.#Y###.. #.#.##.#.
#.#.#..# #.##(#.#.
#.#.#.##?##..###.#.
#.##.§..####....##.
#. ######..######..
........#


You could see an ice beast and Vepsour the naga.

Vanquished Creatures
  A phantom (D:4)
  A water moccasin skeleton (D:4)
  An orc priest (D:3)
  An iguana (D:4)
  3 orc wizards
  A worker ant (D:4)
  A hound skeleton (D:3)
  11 adders
  An ooze (D:4)
  3 worms (D:2)
  2 giant geckos
  8 orcs
  4 bats (D:2)
  6 giant cockroaches
  8 hobgoblins
  7 jackals
  8 kobolds
  6 giant newts
  8 goblins
  2 quokkas
  4 rats
87 creatures vanquished.

Notes
Turn   | Place    | Note
--------------------------------------------------------------
     0 | D:1      | Megaslime the Minotaur Warper began the quest for the Orb.
     0 | D:1      | Reached XP level 1. HP: 18/18 MP: 1/1
   144 | D:1      | Reached skill level 3 in Axes
   298 | D:1      | Reached XP level 2. HP: 25/25 MP: 3/3
   927 | D:2      | Reached skill level 4 in Axes
   953 | D:2      | Reached XP level 3. HP: 18/30 MP: 4/4
  1309 | D:2      | Reached skill level 5 in Axes
  1318 | D:2      | Reached XP level 4. HP: 37/37 MP: 5/5
  1334 | D:2      | Found Zin's Purification Station.
  1336 | D:2      | Found a glowing silver altar of Zin.
  1342 | D:2      | Bought a potion of curing for 90 gold pieces
  1435 | D:2      | Learned a level 2 spell: Blink
  2050 | D:3      | Reached XP level 5. HP: 31/42 MP: 6/6
  2074 | D:3      | Reached skill level 6 in Axes
  2793 | D:4      | Noticed Sigmund
  3029 | D:4      | Noticed a phantom
  3034 | D:4      | Reached XP level 6. HP: 47/50 MP: 7/7
  3040 | D:4      | Killed a phantom
  3040 | D:4      | Reached skill level 7 in Axes
  3238 | D:4      | Found a large runed door.
  3238 | D:4      | Found a large runed door.
  3308 | D:4      | Found a large runed door.
  3308 | D:4      | Found a large runed door.
  3365 | D:4      | Noticed Vepsour
  3379 | D:4      | Reached skill level 8 in Axes
  3388 | D:4      | Noticed an ice beast
  3401 | D:4      | Slain by Vepsour the naga

Action                   |  1- 3 |  4- 6 || total
-------------------------+-------+-------++-------
Melee: Hand axe          |    84 |       ||    84
       War axe           |    13 |   154 ||   167
Throw: Tomahawk          |     2 |       ||     2
Evoke: Deck              |       |     1 ||     1
  Use: Scroll            |       |     5 ||     5
  Eat: Chunk             |     1 |     5 ||     6
       Royal jelly       |       |     1 ||     1
